 Dungeon Crawl Stone Soup version 0.31-a0-369-g8eba5f6939 (webtiles) character file.

Game seed: 10962419809989691401

4225 porpoise the Carver (level 10, -6/79 HPs)
             Began as a Demonspawn Gladiator on July 29, 2023.
             Was a Follower of Nemelex Xobeh.
             Mangled by a vampire (9 damage)
             ... on level 9 of the Dungeon.
             The game lasted 00:33:54 (7428 turns).

porpoise the Carver (Demonspawn Gladiator)          Turns: 7428, Time: 00:33:55

Health: -6/79      AC: 10    Str: 15    XL:     10   Next: 9%
Magic:  10/10      EV: 14    Int:  9    God:    Nemelex Xobeh [*.....]
Gold:   414        SH: 12    Dex: 19    Spells: 9/9 levels left

rFire   + . .        a - +0 scimitar
rCold   . . .        J - +0 buckler
rNeg    . . .        v - +1 troll leather armour {Pargi}
rPois   .            (helmet restricted)
rElec   .            x - +0 cloak
rCorr   .            (no gloves)
SInv    .            (no boots)
Will    .....        r - amulet of regeneration
Stlth   +            l - ring of protection from fire
HPRegen 1.93/turn    (no ring)
MPRegen 0.12/turn

%: no passive effects
@: mighty
A: antennae 2, large bone plates 1, foul stench 1, icemail 1, condensation
shield
a: Renounce Religion, Draw Escape, Draw Destruction, Draw Summoning


You were on level 9 of the Dungeon.
You worshipped Nemelex Xobeh.
Nemelex Xobeh was aware of your devotion.
You visited 2 branches of the dungeon, and saw 10 of its levels.

You collected 414 gold pieces.

Inventory:

Hand Weapons
 a - a +0 scimitar (weapon)
 b - a +0 sling
 i - a +4 orcbow
 w - a +0 dagger of venom
 W - the +6 dagger of Zin's Inspiration {flame, rF+ rN+++}
   (You found it on level 4 of the Dungeon)

   rF:        It protects you from fire.
   rN:        It renders you almost immune to negative energy.
Missiles
 d - 3 throwing nets (quivered)
 e - 7 javelins
 h - 46 poisoned darts
 k - 8 boomerangs
Armour
 v - a +1 troll leather armour (worn) {Pargi}
 x - a +0 cloak (worn)
 A - +0 steam dragon scales
 J - a +0 buckler (worn)
Jewellery
 l - a ring of protection from fire (left hand)
 r - an amulet of regeneration (around neck)
Wands
 c - a wand of roots (13)
 G - a wand of flame (26)
Scrolls
 g - 2 scrolls of torment
 m - a scroll of immolation
 p - 5 scrolls of teleportation
 y - a scroll of enchant armour
 z - 2 scrolls of fog
 C - a scroll of fear
Potions
 f - 2 potions of lignification {unknown}
 n - a potion of cancellation {unknown}
 o - 3 potions of mutation {unknown}
 s - 2 potions of degeneration {unknown}
 t - 3 potions of curing
 u - 3 potions of attraction {unknown}
 B - a potion of haste {unknown}
 D - a potion of invisibility {unknown}
 F - 2 potions of brilliance {unknown}
 I - a potion of enlightenment {unknown}
 L - a potion of ambrosia {unknown}


   Skills:
 - Level 7.0 Fighting
 * Level 10.8 Long Blades
 - Level 1.7 Throwing
 + Level 3.9 Armour
 - Level 5.0 Dodging


You had 9 spell levels left.
You didn't know any spells.
Your spell library contained the following spells:

 Spells                   Type           Power      Damage    Failure   Level
 Sandblast                Erth           0%         2d4       56%         1
 Passwall                 Tmut/Erth      0%         N/A       71%         2
 Stone Arrow              Conj/Erth      0%         3d7       90%         3
 Fireball                 Conj/Fire      0%         3d3       100%        5
 Iskenderun's Battlesphe  Conj           0%         2d6       100%        5
 Conjure Ball Lightning   Conj/Air       0%         3x3d6     100%        6
 Orb of Destruction       Conj           0%         9d5       100%        7


Dungeon Overview and Level Annotations

Branches:
Dungeon (9/15)             Temple (1/1) D:5
   Lair: D:8-11         Orc: D:9-12

Altars:
Ashenzari
Cheibriados
Dithmenos
Fedhas
Gozag
Hepliaklqana
Kikubaaqudgha
Makhleb
Nemelex Xobeh
Okawaru
Qazlal
Ru
Sif Muna
Trog
Uskayaw
Vehumet
Wu Jian
Xom
Yredelemnul

Shops:
D:7 (

Annotations:
D:5 3 runed translucent doors, lunkers's ghost, novice MeSh
Temple 4 transporters


Innate Abilities, Weirdness & Mutations

You have a pair of antennae on your head.
You are partially covered in large bone plates. (SH +4)
You may rarely emit foul miasma when damaged in melee.
A meltable icy envelope protects you from harm. (AC +4)
A meltable shield of frost defends you. (SH +4)


Message History

Something draws strength from your injuries!
You slash something! Something hits you but does no damage.
Something bites you.
Something draws strength from your injuries!
You miss something. You closely miss something.
Something draws life force from you!
* * * LOW HITPOINT WARNING * * *
You barely miss something. Something draws life force from you!
* * * LOW HITPOINT WARNING * * *
You closely miss something. Something hits you but does no damage.
You block something's attack.
You feel much better. You block something's attack.
Something bites you but does no damage.
You hit something. Something hits you! Something barely misses you.
You closely miss something. Something hits you!
* * * LOW HITPOINT WARNING * * *
Something bites you but does no damage.
You miss something. Something hits you.
* * * LOW HITPOINT WARNING * * *
Something bites you.
* * * LOW HITPOINT WARNING * * *
Something draws strength from your injuries!
You slice something!! You block something's attack.
Something bites you but does no damage.
You closely miss something. Something hits you but does no damage.
Something bites you but does no damage.
You slash something! You block something's attack. Something bites you!
* * * LOW HITPOINT WARNING * * *
Something draws strength from your injuries!
You hit something but do no damage. Something hits you.
* * * LOW HITPOINT WARNING * * *
Something bites you but does no damage.
You barely miss something. Something draws life force from you!
* * * LOW HITPOINT WARNING * * *
You hit something but do no damage. You closely miss something.
Something hits you.
* * * LOW HITPOINT WARNING * * *
Something bites you!
You die...
Your body disappears without a glow.

.........#..#####.
................<.
.................
.......#..#..####
.....#..........###
..#..####..#......##
..#.....##.........# .
....###.####.......#....
...## #.........@{......
...########.............
#...........########....
...########## ##. ##.###
.....# .....# .....#
.....#


There were no monsters in sight!

Vanquished Creatures
  Pikel (D:7)
  Grinder (D:4)
  A hornet (D:8)
  Eustachio (D:4)
  A steam dragon (D:9)
  2 black bears
  3 orc warriors
  2 sky beasts
  Pargi (D:3)
  An ice beast (D:6)
  3 ogres
  4 lemures (D:7)
  3 centaurs
  A kobold brigand (D:8)
  3 bullfrogs
  A gnoll sergeant (D:6)
  6 wights
  6 killer bees
  A howler monkey (D:4)
  A crimson imp (D:7)
  3 hounds
  4 orc priests
  A gnoll bouda (D:7)
  3 jellies
  2 sleepcaps
  Jessica (D:3)
  5 iguanas
  5 orc wizards
  Ijyb (D:4)
  7 gnolls
  4 adders
  A shadow imp (D:7)
  2 white imps
  3 worms
  24 orcs
  3 endoplasms (D:2)
  4 giant cockroaches
  4 goblins
  6 hobgoblins
  3 jackals (D:1)
  4 ball pythons
  5 bats
  A frilled lizard (D:3)
  8 kobolds
  6 rats
153 creatures vanquished.

Notes
Turn   | Place    | Note
-------+----------+-------------------------------------------
     0 | D:1      | porpoise the Demonspawn Gladiator began the quest for the
                  | Orb.
     0 | D:1      | Reached XP level 1. HP: 16/16 MP: 1/1
   314 | D:1      | Reached skill level 3 in Long Blades
   524 | D:1      | Gained mutation: A meltable shield of frost defends you.
                  | (SH +4) [demonic ancestry]
   524 | D:1      | Reached XP level 2. HP: 22/22 MP: 2/2
   971 | D:2      | Found an ancient bone altar of Kikubaaqudgha.
  1377 | D:2      | Reached XP level 3. HP: 21/28 MP: 3/3
  1387 | D:2      | Found a faded altar of an unknown god.
  1761 | D:3      | Noticed Jessica
  1768 | D:3      | Killed Jessica
  1769 | D:3      | Reached skill level 4 in Long Blades
  1769 | D:3      | Gained mutation: You are partially covered in large bone
                  | plates. (SH +4) [demonic ancestry]
  1769 | D:3      | Reached XP level 4. HP: 35/35 MP: 4/4
  1815 | D:3      | Found a shimmering altar of Xom.
  1939 | D:3      | Noticed Pargi
  1959 | D:3      | Killed Pargi
  1960 | D:3      | Gained mutation: You may rarely emit foul miasma when
                  | damaged in melee. [demonic ancestry]
  1960 | D:3      | Reached XP level 5. HP: 40/41 MP: 5/5
  2331 | D:3      | Noticed a black bear
  2349 | D:3      | Killed a black bear
  2350 | D:3      | Reached skill level 5 in Long Blades
  2350 | D:3      | Reached XP level 6. HP: 48/48 MP: 6/6
  2909 | D:4      | Noticed Ijyb
  2926 | D:4      | Killed Ijyb
  2930 | D:4      | Noticed Eustachio
  3029 | D:4      | Identified the +6 dagger of Zin's Inspiration {flame, rF+
                  | rN+++}
  3056 | D:4      | Killed Eustachio
  3057 | D:4      | Reached skill level 6 in Long Blades
  3057 | D:4      | Gained mutation: You have a pair of small antennae on your
                  | head. [demonic ancestry]
  3057 | D:4      | Reached XP level 7. HP: 55/55 MP: 7/7
  3102 | D:4      | Noticed Grinder
  3116 | D:4      | Killed Grinder
  3117 | D:4      | Reached skill level 5 in Fighting
  3413 | D:5      | Entered Level 5 of the Dungeon
  3549 | D:5      | Reached skill level 7 in Long Blades
  3641 | D:5      | Found a shimmering blue altar of Sif Muna.
  3656 | D:5      | Found an ornate altar of the Wu Jian Council.
  3686 | D:5      | Gained mutation: A meltable icy envelope protects you from
                  | harm. (AC +4) [demonic ancestry]
  3686 | D:5      | Reached XP level 8. HP: 63/63 MP: 8/8
  3752 | D:5      | Found a staircase to the Ecumenical Temple.
  3762 | Temple   | Found a transporter.
  3762 | Temple   | Found a transporter.
  3762 | Temple   | Found a transporter.
  3762 | Temple   | Found a transporter.
  3762 | Temple   | Entered the Ecumenical Temple
  4075 | D:5      | Noticed lunkers's ghost (novice MeSh)
  4091 | D:5      | Found a runed translucent gate.
  4091 | D:5      | Found a runed translucent gate.
  4091 | D:5      | Found a runed translucent gate.
  4636 | D:6      | Reached skill level 8 in Long Blades
  4725 | D:6      | Found a hazy altar of Hepliaklqana.
  4888 | D:6      | Gained mutation: You have a pair of antennae on your head.
                  | [demonic ancestry]
  4888 | D:6      | Reached XP level 9. HP: 71/71 MP: 9/9
  5538 | D:7      | Reached skill level 9 in Long Blades
  5580 | D:7      | Reached skill level 5 in Dodging
  5743 | D:7      | Noticed Pikel
  5770 | D:7      | Killed Pikel
  5879 | D:7      | Reached skill level 10 in Long Blades
  6083 | D:7      | Found Xoniovig's Antique Weapon Shoppe.
  6169 | D:7      | Found a radiant altar of Vehumet.
  6169 | D:7      | Found a burning altar of Makhleb.
  6406 | D:8      | Found a sparkling altar of Nemelex Xobeh.
  6406 | D:8      | Found a blossoming altar of Fedhas.
  6407 | D:8      | Found a broken altar of Ashenzari.
  6407 | D:8      | Found a shadowy altar of Dithmenos.
  6409 | D:8      | Found a snail-covered altar of Cheibriados.
  6409 | D:8      | Found an ancient bone altar of Kikubaaqudgha.
  6410 | D:8      | Found a stormy altar of Qazlal.
  6412 | D:8      | Became a worshipper of Nemelex Xobeh the Trickster
  6848 | D:8      | Reached * piety under Nemelex Xobeh
  7102 | D:8      | Received a gift from Nemelex Xobeh
  7195 | D:8      | Paralysed by a hornet for 2 turns
  7199 | D:8      | Reached XP level 10. HP: 43/79 MP: 10/10
  7428 | D:9      | HP: 3/79 [something (5)]
  7428 | D:9      | Mangled by a vampire

Illustrated notes

Levels and vault maps discovered:
D:1:      dpeg_arrival_prison, layout_basic, minmay_misc_feat_iff,
          minmay_tetromino_i4
D:2:      layout_loops_ring, ebering_ecumenical_altar_box, basic_altar,
          kennysheep_big_empty_room, grunt_ministairs_7,
          minmay_stone_trees_medium
D:3:      layout_loops_cross, mainiacjoe_overflow_paths, lemuel_crystal_altar,
          uniq_pargi, uniq_jessica
D:4:      layout_gridville, uniq_grinder, uniq_eustachio, uniq_ijyb
D:5:      layout_basic, mainiacjoe_overflow_catwalk_spiral, zin_statuary,
          minmay_temple_entry_sparse_star, gammafunk_ghost_icy
D:6:      layout_basic, overflow_temple_1_default,
          chequers_serial_rivers_micro_c
D:7:      wad_woods_pond, layout_basic,
          grunt_temple_overflow_lords_of_destruction, serial_shops,
          nicolae_shop_tiny_real_fake_doors, uniq_pikel
D:8:      layout_basic, grunt_temple_overflow_open, hangedman_decor_peaks_small
D:9:      layout_rooms, lair_entry_dummy
Temple:   hellmonk_temple_divided_pantheon

Skill      XL: |  1  2  3  4  5  6  7  8  9 |
---------------+----------------------------+-----
Long Blades    | 3 4 5 6 7 8 10 | 10.8
Fighting       | 3 4 5 6 7 |  7.0
Dodging        | 3 4 5 |  5.0
Armour         | 3 |  3.9
Throwing       | |  1.7

Action                     |  1- 3 |  4- 6 |  7- 9 | 10-12 || total
---------------------------+-------+-------+-------+-------++-------
  Melee: Dagger            |    98 |    79 |    60 |     9 ||   246
         Long sword        |     4 |    80 |    49 |       ||   133
         Punch             |       |     1 |     6 |       ||     7
         Scimitar          |       |       |   324 |    53 ||   377
   Fire: Orcbow            |       |       |     3 |       ||     3
         Sling             |       |       |    15 |       ||    15
  Throw: Throwing net      |       |     3 |       |       ||     3
  Evoke: Wand              |       |       |       |     2 ||     2
    Use: Scroll            |     3 |     4 |     7 |       ||    14
         Potion            |       |       |     3 |     4 ||     7
   Stab: Sleeping          |     1 |     1 |     3 |       ||     5
 Armour: Leather armour    |     4 |       |       |       ||     4
         Ring mail         |    36 |    16 |       |       ||    52
         Troll leather arm |       |    47 |    91 |    26 ||   164
  Dodge: Dodged            |    56 |    98 |   164 |    35 ||   353
  Block: Other             |    13 |    79 |    73 |       ||   165
         Buckler           |       |       |   137 |    30 ||   167

Table legend: (Time is in decaauts)
 A = Elapsed time spent in this place.
 B = Non-inter-level travel time spent in this place.
 C = Inter-level travel time spent in this place.
 D = Time resting spent in this place.
 E = Time spent auto-exploring this place.
 F = Levels seen in this place.
 G = Mean time per level.
                   A        B        C        D        E       F      G
               +--------+--------+--------+--------+--------+-----+--------+
         Total |   7376 |   7007 |    369 |    731 |   4541 |  10 |  737.6 |
       Dungeon |   7357 |   6996 |    361 |    731 |   4541 |   9 |  817.4 |
        Temple |     19 |     11 |      8 |      0 |      0 |   1 |   19.0 |
               +--------+--------+--------+--------+--------+-----+--------+

Top non-repeatable levels by time:
     D:6: 1124 daAuts
     D:7: 1067 daAuts
     D:2: 979 daAuts
     D:3: 978 daAuts
     D:8: 792 daAuts
     D:5: 772 daAuts
     D:1: 756 daAuts
     D:4: 682 daAuts
     D:9: 203 daAuts
  Temple: 19 daAuts
